| TOP OF THE 1ST |
|
San Jose Volcanoes batting - Pitching for Mazatlan Playas : RHP Ken Dixon
|
|
Pitching: RHP Ken Dixon
|
|
|
Batting: RHB Jay Schellin
|
0-0: Ball 1-0: Foul Ball, location: 2F 1-1: Ball 2-1: Called Strike 2-2: Ball 3-2: Foul Ball, location: 2F 3-2: Strikes out swinging
|
|
Batting: RHB Anthony Laurenzi
|
0-0: Foul Ball, location: 2F 0-1: Foul Ball, location: 2F 0-2: Ball 1-2: Ball 2-2: Foul Ball, location: 2F 2-2: Foul Ball, location: 2F 2-2: Foul Ball, location: 2F 2-2: Ball 3-2: SINGLE (Line Drive, 6D, EV 110.0 MPH)
|
|
Batting: LHB Mike LaValliere
|
0-0: Foul Ball, location: 2F 0-1: Ball 1-1: Foul Ball, location: 2F 1-2: Fielders Choice at 2nd, 5-4 (Groundball, 56, EV 80.0 MPH)
|
|
Batting: LHB Pete M O'Brien
|
0-0: Ball Mike LaValliere steals 2nd base 1-0: SINGLE (Line Drive, 3D, EV 97.5 MPH) Mike LaValliere to third Runner from 3rd tries for Home, SAFE, throw by RF to home
|
|
Batting: RHB Jeff Spisok
|
0-0: Ball 1-0: Ground out 4-3 (Groundball, 13, EV 88.1 MPH)
|
| Top of the 1st over - 1 run, 2 hits, 0 errors, 1 left on base; San Jose 1 - Mazatlan 0 |
| BOTTOM OF THE 1ST |
|
Mazatlan Playas batting - Pitching for San Jose Volcanoes : LHP Brad Havens
|
|
Pitching: LHP Brad Havens
|
|
|
Batting: RHB Dave Stegman
|
0-0: Called Strike 0-1: Ball 1-1: Ball 2-1: Called Strike 2-2: Ball 3-2: Base on Balls
|
|
Batting: SHB Howard Johnson
|
0-0: Foul Ball, location: 2F 0-1: Swinging Strike 0-2: Ball 1-2: Foul Ball, location: 2F 1-2: Strikes out swinging
|
|
Batting: LHB Leon Durham
|
0-0: Ball 1-0: Ball 2-0: Called Strike 2-1: Called Strike 2-2: Fly out, F7 (Flyball, 7, EV 91.3 MPH)
|
|
Batting: RHB Kevin Mitchell
|
0-0: Called Strike 0-1: Ball 1-1: Fielders Choice at 2nd, 6-4 (Groundball, 6, EV 79.4 MPH)
|
| Bottom of the 1st over - 0 runs, 0 hits, 0 errors, 1 left on base; San Jose 1 - Mazatlan 0 |
| TOP OF THE 2ND |
|
San Jose Volcanoes batting - Pitching for Mazatlan Playas : RHP Ken Dixon
|
|
Batting: RHB Tony Evans
|
0-0: Called Strike 0-1: Swinging Strike 0-2: Ball 1-2: Ball 2-2: Foul Ball, location: 2F 2-2: Foul Ball, location: 2F 2-2: Ball 3-2: Strikes out swinging
|
|
Batting: RHB Brian David
|
0-0: Ball 1-0: Called Strike 1-1: Ball 2-1: Called Strike 2-2: Ball 3-2: Foul Ball, location: 2F 3-2: Foul Ball, location: 2F 3-2: DOUBLE (Line Drive, 78D, EV 111.3 MPH)
|
|
Batting: RHB David Hoyt
|
0-0: Ball 1-0: Ball 2-0: SINGLE (Line Drive, 6M, EV 109.4 MPH) Brian David to third Runner from 3rd tries for Home, SAFE, throw by CF to home
|
|
Batting: RHB Henry Powell
|
0-0: Foul Ball, location: 2F 0-1: Called Strike David Hoyt is caught stealing 2nd base 2-4 0-2: Strikes out swinging
|
| Top of the 2nd over - 1 run, 2 hits, 0 errors, 0 left on base; San Jose 2 - Mazatlan 0 |
| BOTTOM OF THE 2ND |
|
Mazatlan Playas batting - Pitching for San Jose Volcanoes : LHP Brad Havens
|
|
Batting: LHB Mike Greenwell
|
0-0: Ball 1-0: Ball 2-0: Ball 3-0: Base on Balls
|
|
Batting: LHB Matt Winters
|
0-0: Foul Ball, location: 2F 0-1: Ball 1-1: Swinging Strike 1-2: Strikes out swinging
|
|
Batting: LHB Daryl Boston
|
0-0: Ball Passed Ball! Mike Greenwell to second 1-0: Swinging Strike 1-1: Foul Ball, location: 2F 1-2: Ball 2-2: Ball 3-2: Base on Balls
|
|
Batting: LHB Max Venable
|
0-0: Foul Ball, location: 2F 0-1: Foul Ball, location: 2F 0-2: Ball 1-2: Strikes out swinging
|
|
Batting: SHB Donnie Scott
|
0-0: Fielders Choice at 2nd, 6-4 (Groundball, 6, EV 110.6 MPH)
|
| Bottom of the 2nd over - 0 runs, 0 hits, 0 errors, 2 left on base; San Jose 2 - Mazatlan 0 |
| TOP OF THE 3RD |
|
San Jose Volcanoes batting - Pitching for Mazatlan Playas : RHP Ken Dixon
|
|
Batting: RHB Jay Schellin
|
0-0: Ball 1-0: Ball 2-0: Ball 3-0: Base on Balls
|
|
Batting: RHB Anthony Laurenzi
|
0-0: Ball 1-0: Swinging Strike 1-1: Swinging Strike 1-2: Foul Ball, location: 2F 1-2: Foul Ball, location: 2F 1-2: Foul Ball, location: 2F 1-2: Foul Ball, location: 2F 1-2: Ball 2-2: Ball 3-2: SINGLE (Flyball, 4D, EV 95.6 MPH) Jay Schellin to second
|
|
Batting: LHB Mike LaValliere
|
0-0: Ball Jay Schellin steals 3rd base (no throw) Anthony Laurenzi to second 1-0: Reached on error, E6 (Groundball, 56D, EV 91.9 MPH) Jay Schellin scores Anthony Laurenzi to third
|
|
Batting: LHB Pete M O'Brien
|
0-0: Called Strike 0-1: Foul Ball, location: 2F 0-2: Fly out, F6 (Line Drive, 6, EV 72.5 MPH)
|
|
Batting: RHB Jeff Spisok
|
0-0: Ball 1-0: SINGLE (Line Drive, 7S, EV 108.8 MPH) Anthony Laurenzi scores Mike LaValliere to second
|
|
Batting: RHB Tony Evans
|
0-0: Called Strike 0-1: Called Strike 0-2: Foul Ball, location: 2F 0-2: Ball 1-2: Ball 2-2: Ball 3-2: SINGLE (Groundball, 4MD, EV 104.4 MPH) (infield hit) Mike LaValliere to third Jeff Spisok to second
|
|
Batting: RHB Brian David
|
0-0: Foul Ball, location: 2F 0-1: Foul Ball, location: 2F 0-2: Foul Ball, location: 2F 0-2: Foul Ball, location: 2F 0-2: SINGLE (Line Drive, 7S, EV 106.3 MPH) Mike LaValliere scores Jeff Spisok to third Tony Evans to second
|
|
Pitching: RHP Pete Hamm
|
|
|
Batting: RHB David Hoyt
|
0-0: Called Strike 0-1: Called Strike 0-2: Ball 1-2: Ball 2-2: Strikes out swinging
|
|
Batting: RHB Henry Powell
|
0-0: Ball 1-0: Ball 2-0: Ball 3-0: Called Strike 3-1: Base on Balls Jeff Spisok scores Tony Evans to third Brian David to second
|
|
Batting: RHB Jay Schellin
|
0-0: Called Strike 0-1: Ball 1-1: Called Strike 1-2: Ball 2-2: Fly out, F8 (Line Drive, 8LD, EV 92.5 MPH)
|
| Top of the 3rd over - 4 runs, 4 hits, 1 error, 3 left on base; San Jose 6 - Mazatlan 0 |
| BOTTOM OF THE 3RD |
|
Mazatlan Playas batting - Pitching for San Jose Volcanoes : LHP Brad Havens
|
|
Batting: RHB Dave Stegman
|
0-0: Ball 1-0: Foul Ball, location: 2F 1-1: Ball 2-1: SINGLE (Line Drive, 9S, EV 93.1 MPH)
|
|
Batting: SHB Howard Johnson
|
0-0: Called Strike 0-1: Ball 1-1: Called Strike 1-2: Ball 2-2: Strikes out looking
|
|
Batting: LHB Leon Durham
|
0-0: Called Strike 0-1: Ball 1-1: Fly out, F8 (Flyball, 8LM, EV 77.5 MPH)
|
|
Batting: RHB Kevin Mitchell
|
0-0: Called Strike 0-1: Foul Ball, location: 2F 0-2: Strikes out swinging
|
| Bottom of the 3rd over - 0 runs, 1 hit, 0 errors, 1 left on base; San Jose 6 - Mazatlan 0 |
| TOP OF THE 4TH |
|
San Jose Volcanoes batting - Pitching for Mazatlan Playas : RHP Pete Hamm
|
|
Batting: RHB Anthony Laurenzi
|
0-0: Swinging Strike 0-1: Ball 1-1: Foul Ball, location: 2F 1-2: Ball 2-2: Foul Ball, location: 2F 2-2: Ground out 5-3 (Groundball, 56S, EV 90.0 MPH)
|
|
Batting: LHB Mike LaValliere
|
0-0: Ball 1-0: Swinging Strike 1-1: Fly out, F4 (Popup, 34, EV 62.5 MPH)
|
|
Batting: LHB Pete M O'Brien
|
0-0: Foul Ball, location: 2F 0-1: Swinging Strike 0-2: Foul Ball, location: 2F 0-2: Fly out, F7 (Flyball, 7S, EV 81.9 MPH)
|
| Top of the 4th over - 0 runs, 0 hits, 0 errors, 0 left on base; San Jose 6 - Mazatlan 0 |
| BOTTOM OF THE 4TH |
|
Mazatlan Playas batting - Pitching for San Jose Volcanoes : LHP Brad Havens
|
|
Batting: LHB Mike Greenwell
|
0-0: Ball 1-0: Swinging Strike 1-1: Fly out, F7 (Flyball, 78M, EV 70.0 MPH)
|
|
Batting: LHB Matt Winters
|
0-0: Ball 1-0: Ball 2-0: Ball 3-0: Base on Balls
|
|
Batting: LHB Daryl Boston
|
0-0: Called Strike 0-1: Swinging Strike 0-2: Ball 1-2: Ball 2-2: Strikes out swinging
|
|
Batting: LHB Max Venable
|
0-0: Called Strike 0-1: Foul Ball, location: 2F 0-2: Foul Ball, location: 2F 0-2: Foul Ball, location: 2F 0-2: Foul Ball, location: 2F 0-2: Ball 1-2: SINGLE (Flyball, 4D, EV 86.3 MPH) Matt Winters to second Runner from 2nd tries for 3rd, SAFE, no throw by RF
|
|
Batting: SHB Donnie Scott
|
0-0: Ball Max Venable steals 2nd, throwing error, E2 Matt Winters scores Max Venable to third 1-0: Ball 2-0: Foul Ball, location: 2F 2-1: Ball 3-1: Base on Balls
|
|
Batting: RHB Dave Stegman
|
0-0: Ground out 6-3 (Groundball, 6S, EV 87.5 MPH)
|
| Bottom of the 4th over - 1 run, 1 hit, 1 error, 2 left on base; San Jose 6 - Mazatlan 1 |
| TOP OF THE 5TH |
|
San Jose Volcanoes batting - Pitching for Mazatlan Playas : RHP Pete Hamm
|
|
Batting: RHB Jeff Spisok
|
0-0: Called Strike 0-1: Ball 1-1: Reached on error, E8 (Flyball, 8LD, EV 101.9 MPH)
|
|
Batting: RHB Tony Evans
|
0-0: Called Strike 0-1: Ball 1-1: Called Strike 1-2: Foul Ball, location: 2F 1-2: Fly out, F7 (Flyball, 7LS, EV 88.1 MPH)
|
|
Batting: RHB Brian David
|
0-0: Ball 1-0: Swinging Strike 1-1: Ball 2-1: Ball 3-1: Base on Balls
|
|
Batting: RHB David Hoyt
|
0-0: Ball 1-0: Swinging Strike 1-1: Swinging Strike 1-2: Strikes out swinging
|
|
Batting: RHB Henry Powell
|
0-0: Called Strike 0-1: Ball 1-1: Swinging Strike 1-2: Foul Ball, location: 2F 1-2: Strikes out swinging
|
| Top of the 5th over - 0 runs, 0 hits, 1 error, 2 left on base; San Jose 6 - Mazatlan 1 |
| BOTTOM OF THE 5TH |
|
Mazatlan Playas batting - Pitching for San Jose Volcanoes : LHP Brad Havens
|
|
Batting: SHB Howard Johnson
|
0-0: Ball 1-0: Ball 2-0: Swinging Strike 2-1: Foul Ball, location: 2F 2-2: Strikes out looking
|
|
Batting: LHB Leon Durham
|
0-0: Foul Ball, location: 2F 0-1: Ball 1-1: Ball 2-1: Ball 3-1: SINGLE (Groundball, 25, EV 76.9 MPH) (infield hit)
|
|
Batting: RHB Kevin Mitchell
|
0-0: Called Strike 0-1: Ball 1-1: Called Strike 1-2: Fielders Choice at 2nd, 4-6 (Groundball, 34, EV 85.6 MPH)
|
|
Batting: LHB Mike Greenwell
|
0-0: Fly out, F8 (Flyball, 8RS, EV 80.6 MPH)
|
| Bottom of the 5th over - 0 runs, 1 hit, 0 errors, 1 left on base; San Jose 6 - Mazatlan 1 |
| TOP OF THE 6TH |
|
San Jose Volcanoes batting - Pitching for Mazatlan Playas : RHP Pete Hamm
|
|
Batting: RHB Jay Schellin
|
0-0: Called Strike 0-1: Foul Ball, location: 2F 0-2: Ball 1-2: Strikes out swinging
|
|
Batting: RHB Anthony Laurenzi
|
0-0: Ball 1-0: Foul Ball, location: 2F 1-1: Foul Ball, location: 2F 1-2: Foul Ball, location: 2F 1-2: Ball 2-2: Foul Ball, location: 2F 2-2: Strikes out swinging
|
|
Batting: LHB Mike LaValliere
|
0-0: Ball 1-0: Called Strike 1-1: Ball 2-1: Fly out, F6 (Popup, 6M, EV 62.5 MPH)
|
| Top of the 6th over - 0 runs, 0 hits, 0 errors, 0 left on base; San Jose 6 - Mazatlan 1 |
| BOTTOM OF THE 6TH |
|
Mazatlan Playas batting - Pitching for San Jose Volcanoes : LHP Brad Havens
|
|
Batting: LHB Matt Winters
|
0-0: Called Strike 0-1: Foul Ball, location: 2F 0-2: Foul Ball, location: 2F 0-2: Ball 1-2: Strikes out looking
|
|
Batting: LHB Daryl Boston
|
0-0: Ground out 6-3 (Groundball, 56, EV 104.4 MPH)
|
|
Batting: LHB Max Venable
|
0-0: Ball 1-0: Ball 2-0: Foul Ball, location: 2F 2-1: Ball 3-1: Called Strike 3-2: Strikes out swinging
|
| Bottom of the 6th over - 0 runs, 0 hits, 0 errors, 0 left on base; San Jose 6 - Mazatlan 1 |
| TOP OF THE 7TH |
|
San Jose Volcanoes batting - Pitching for Mazatlan Playas : RHP Pete Hamm
|
|
Batting: LHB Pete M O'Brien
|
0-0: Ball 1-0: Called Strike 1-1: Ball 2-1: Foul Ball, location: 2F 2-2: Foul Ball, location: 2F 2-2: Ball 3-2: Foul Ball, location: 2F 3-2: Foul Ball, location: 2F 3-2: Foul Ball, location: 2F 3-2: Ground out 3-1 (Groundball, 34, EV 111.9 MPH)
|
|
Batting: RHB Jeff Spisok
|
0-0: Ball 1-0: Ball 2-0: Foul Ball, location: 2F 2-1: Called Strike 2-2: Ground out 5-3 (Groundball, 15, EV 88.1 MPH)
|
|
Pitching: RHP Alan Fowlkes
|
|
|
Batting: RHB Tony Evans
|
0-0: Ball 1-0: Called Strike 1-1: Foul Ball, location: 2F 1-2: Ball 2-2: Ground out 5-3 (Groundball, 56S, EV 88.1 MPH)
|
| Top of the 7th over - 0 runs, 0 hits, 0 errors, 0 left on base; San Jose 6 - Mazatlan 1 |
| BOTTOM OF THE 7TH |
|
Mazatlan Playas batting - Pitching for San Jose Volcanoes : LHP Brad Havens
|
|
Batting: SHB Donnie Scott
|
0-0: Ball 1-0: Ball 2-0: Foul Ball, location: 2F 2-1: Ground out 3-1 (Groundball, 13, EV 90.6 MPH)
|
|
Batting: RHB Dave Stegman
|
0-0: Ball 1-0: Called Strike 1-1: Foul Ball, location: 2F 1-2: Foul Ball, location: 2F 1-2: Ball 2-2: Foul Ball, location: 2F 2-2: Foul Ball, location: 2F 2-2: Ball 3-2: Base on Balls
|
|
Batting: SHB Howard Johnson
|
0-0: Ball 1-0: Ball 2-0: Ball 3-0: Called Strike 3-1: Base on Balls Dave Stegman to second
|
|
Batting: LHB Leon Durham
|
0-0: Called Strike 0-1: Ball 1-1: Called Strike 1-2: Ball 2-2: Ball 3-2: Base on Balls Dave Stegman to third Howard Johnson to second
|
|
Batting: RHB Kevin Mitchell
|
0-0: Ball 1-0: Swinging Strike 1-1: Called Strike 1-2: Fly out, F7 (Flyball, 7D, EV 82.5 MPH) Runner from 3rd tags up, SCORES, throw by LF
|
|
Batting: LHB Mike Greenwell
|
0-0: Foul Ball, location: 2F 0-1: Ball 1-1: Ball 2-1: Foul Ball, location: 2F 2-2: Strikes out swinging
|
| Bottom of the 7th over - 1 run, 0 hits, 0 errors, 2 left on base; San Jose 6 - Mazatlan 2 |
| TOP OF THE 8TH |
|
San Jose Volcanoes batting - Pitching for Mazatlan Playas : RHP Alan Fowlkes
|
|
Batting: RHB Brian David
|
0-0: Ball 1-0: Foul Ball, location: 2F 1-1: Swinging Strike 1-2: Ball 2-2: Ground out 6-3 (Groundball, 6, EV 77.5 MPH)
|
|
Batting: RHB David Hoyt
|
0-0: Called Strike 0-1: Fly out, F4 (Popup, 4MD, EV 50.0 MPH)
|
|
Batting: RHB Henry Powell
|
0-0: Called Strike 0-1: Ball 1-1: Ball 2-1: Swinging Strike 2-2: Strikes out looking
|
| Top of the 8th over - 0 runs, 0 hits, 0 errors, 0 left on base; San Jose 6 - Mazatlan 2 |
| BOTTOM OF THE 8TH |
|
Mazatlan Playas batting - Pitching for San Jose Volcanoes : LHP Brad Havens
|
|
Batting: LHB Matt Winters
|
0-0: Called Strike 0-1: Foul Ball, location: 2F 0-2: Strikes out swinging
|
|
Batting: LHB Daryl Boston
|
0-0: Ball 1-0: Called Strike 1-1: Swinging Strike 1-2: Strikes out swinging
|
|
Batting: LHB Max Venable
|
0-0: Ground out 4-3 (Groundball, 4S, EV 81.9 MPH)
|
| Bottom of the 8th over - 0 runs, 0 hits, 0 errors, 0 left on base; San Jose 6 - Mazatlan 2 |
| TOP OF THE 9TH |
|
San Jose Volcanoes batting - Pitching for Mazatlan Playas : RHP Alan Fowlkes
|
|
Batting: RHB Jay Schellin
|
0-0: Swinging Strike 0-1: Foul Ball, location: 2F 0-2: Ball 1-2: Ball 2-2: Foul Ball, location: 2F 2-2: Ball 3-2: Foul Ball, location: 2F 3-2: Ground out 5-3 (Groundball, 56S, EV 78.8 MPH)
|
|
Batting: RHB Anthony Laurenzi
|
0-0: Called Strike 0-1: Foul Ball, location: 2F 0-2: Foul Ball, location: 2F 0-2: Strikes out swinging
|
|
Batting: LHB Mike LaValliere
|
0-0: Ground out 4-3 (Groundball, 4, EV 84.4 MPH)
|
| Top of the 9th over - 0 runs, 0 hits, 0 errors, 0 left on base; San Jose 6 - Mazatlan 2 |
| BOTTOM OF THE 9TH |
|
Mazatlan Playas batting - Pitching for San Jose Volcanoes : LHP Brad Havens
|
|
Batting: SHB Donnie Scott
|
0-0: Foul Ball, location: 2F 0-1: Ball 1-1: Ground out 6-3 (Groundball, 56, EV 79.4 MPH)
|
|
Batting: RHB Dave Stegman
|
0-0: Foul Ball, location: 2F 0-1: Fly out, F8 (Flyball, 8RD, EV 97.5 MPH)
|
|
Batting: SHB Howard Johnson
|
0-0: Ball 1-0: SINGLE (Groundball, 56S, EV 68.1 MPH) (infield hit)
|
|
Batting: LHB Leon Durham
|
Pickoff Throw to First - Out! 1-3
|
| Bottom of the 9th over - 0 runs, 1 hit, 0 errors, 0 left on base; San Jose 6 - Mazatlan 2 |
|